 Dungeon Crawl Stone Soup version 0.23-a0-358-g98c7a59 (webtiles) character file.

156 Ijustatesigmund the Conjurer (level 5, -3/31 HPs)
             Began as an Octopode Conjurer on Oct 22, 2018.
             Killed by divine providence
             ... invoked by an orc priest
              (13 damage)
             ... on level 3 of the Dungeon.
             The game lasted 00:06:13 (3378 turns).

Ijustatesigmund the Conjurer (Octopode Conjurer)    Turns: 3378, Time: 00:06:14

Health: -3/31      AC:  1    Str:  9      XL:     5   Next: 38%
Magic:  0/9        EV: 13    Int: 15 (17) God:
Gold:   116        SH:  0    Dex: 12 (14) Spells: 3/9 levels left

rFire    . . .     SeeInvis .   c - +1 short sword
rCold    . . .     Gourm    .   (no shield)
rNeg     . . .     Faith    .   (helmet restricted)
rPois    .         Spirit   .   (no amulet)
rElec    .         Reflect  .   (no ring)
rCorr    .         Harm     .   (no ring)
MR       .....                  (no ring)
Stlth    +++.......             (no ring)
HPRegen  0.10/turn              (no ring)
MPRegen  0.11/turn              (no ring)
                                (no ring)
                                (no ring)

@: no status effects
A: almost no armour, stealthy swim, amphibious, 8 rings, constrict 8, tentacle
spike 1, camouflage 1, strong 1, gelatinous body 1
a: no special abilities


You were on level 3 of the Dungeon.
You were hungry.

You visited 1 branch of the dungeon, and saw 3 of its levels.

You collected 116 gold pieces.

Inventory:

Hand Weapons
 c - a +1 short sword (weapon)
Scrolls
 f - a scroll of enchant armour
Potions
 d - a potion of curing
Comestibles
 b - 6 rations


   Skills:
 - Level 2.0 Dodging
 - Level 2.6 Stealth
 + Level 2.8 Spellcasting
 - Level 5.7 Conjurations
 + Level 1.4 Hexes


You had 3 spell levels left.
You knew the following spells:

 Your Spells              Type           Power        Failure   Level  Hunger
a - Magic Dart            Conj           ###.         1%          1    #......
b - Searing Ray           Conj           ###...       2%          2    ##.....
c - Dazzling Spray        Conj/Hex       ##....       14%         3    ###....

Your spell library contained the following spells:

 Spells                   Type           Power        Failure   Level  Hunger
 Beastly Appendage        Tmut           #.....       21%         1    #......
 Sticks to Snakes         Tmut           #.......     30%         2    ##.....
 Spider Form              Tmut/Pois      #.........   52%         3    ###....
 Iskenderun's Mystic Bla  Conj           ###.....     19%         4    #####..
 Fulminant Prism          Conj/Hex       ##........   43%         4    #####..
 Force Lance              Conj/Tloc      ##......     52%         4    #####..
 Ice Form                 Ice/Tmut       #.......     90%         4    #####..
 Blade Hands              Tmut           #.........   99%         5    ######.


Dungeon Overview and Level Annotations

Branches:
Dungeon (3/15)

Altars:
Dithmenos
Nemelex Xobeh
Vehumet
Xom
Yredelemnul


Innate Abilities, Weirdness & Mutations

You cannot wear most types of armour.
You are very stealthy in the water. (Stealth+)
You are amphibious.
You can wear up to eight rings at the same time.
You can use your tentacles to constrict eight enemies at once.
Your skin changes colour to match your surroundings (Stealth+).
Your rubbery body absorbs attacks. (AC +1, EV +1)
One of your tentacles bears a spike.
Your muscles are strong. (Str +2)


Message History

You don't have enough magic to cast that spell.
Casting: Magic Dart (safe; 1% risk of failure)
Confirm with . or Enter, or press ? or * to list all spells.
You don't have enough magic to cast that spell.
Things that are here:
a +0 flail; a +0 scale mail; an orc corpse You closely miss the orc priest.
Your grab misses the orc priest. You squeeze the orc priest.
The orc priest is heavily wounded.
The orc priest hits you.
You hit the orc priest but do no damage.
You grab the orc priest.
The orc priest is heavily wounded.
You constrict the orc priest. The orc priest hits you.
You hit the orc priest.
The orc priest is almost dead.
You constrict the orc priest, but do no damage.
The orc priest mumbles some strange prayers to Beogh against you.
Beogh smites you!
You die...

#
#.#..................#
#
#.####.######.###....#
# #.# #.# #........#
###.####.# #####...##
.........# ##.##
###.####.# #.# #.#
##.# #####.# #.# #..#
#.....# #.# #.##
#@##### #.# #.# #o#
..# #.# #o# ######.#
#†# #.....(# #.#
#.###### #.# #.# #.#
#.######## #.#
##.........


You could see an orc priest and an orc.

Vanquished Creatures
  An orc priest (D:3)
  5 adders
  2 oozes
  2 dart slugs
  8 orcs (D:3)
  5 bats
  10 giant cockroaches
  3 goblins (D:1)
  4 hobgoblins
  4 jackals (D:3)
  9 kobolds
  A quokka (D:2)
  3 frilled lizards
  2 rats (D:1)
59 creatures vanquished.

Notes
Turn   | Place    | Note
-------+----------+-------------------------------------------
     0 | D:1      | Ijustatesigmund the Octopode Conjurer began the quest for
                  | the Orb.
     0 | D:1      | Reached XP level 1. HP: 11/11 MP: 3/3
     9 | D:1      | Noticed a bullfrog
   417 | D:1      | Reached XP level 2. HP: 17/17 MP: 3/5
   983 | D:1      | Reached XP level 3. HP: 19/21 MP: 0/6
  1143 | D:1      | Reached skill level 5 in Conjurations
  1272 | D:1      | Found a shadowy altar of Dithmenos.
  1274 | D:1      | Found a blossoming altar of Fedhas.
  1274 | D:1      | Found a sparkling altar of Nemelex Xobeh.
  1276 | D:1      | Found a sparkling altar of Nemelex Xobeh.
  1276 | D:1      | Found a basalt altar of Yredelemnul.
  1276 | D:1      | Found a shimmering altar of Xom.
  2106 | D:2      | Reached XP level 4. HP: 16/27 MP: 2/7
  2394 | D:2      | Found a radiant altar of Vehumet.
  2443 | D:3      | Learned a level 2 spell: Searing Ray
  2877 | D:3      | Learned a level 3 spell: Dazzling Spray
  3089 | D:3      | Reached XP level 5. HP: 13/31 MP: 0/8
  3093 | D:3      | Gained mutation: You occasionally shout uncontrollably at
                  | your foes. [potion of mutation]
  3093 | D:3      | Gained mutation: You have a pair of small antennae on your
                  | head. [potion of mutation]
  3093 | D:3      | Gained mutation: You are somewhat resistant to further
                  | mutation. [potion of mutation]
  3108 | D:3      | Reached skill level 1 in Hexes
  3282 | D:3      | Lost mutation: You have a pair of small antennae on your
                  | head. [potion of mutation]
  3282 | D:3      | Lost mutation: You are somewhat resistant to further
                  | mutation. [potion of mutation]
  3282 | D:3      | Lost mutation: You occasionally shout uncontrollably at
                  | your foes. [potion of mutation]
  3282 | D:3      | Gained mutation: One of your tentacles bears a spike.
                  | [potion of mutation]
  3282 | D:3      | Gained mutation: Your muscles are strong. (Str +2) [potion
                  | of mutation]
  3378 | D:3      | Killed from afar by an orc priest

Vault maps used:
D:1:      evilmike_arrival_come_back, doesnt_xom_only_xom
D:2:      marbit_many_paths, minmay_pentomino_q2
D:3:      minmay_roachtagon

Skill      XL: |  1  2  3  4  5 |
---------------+----------------+-----
Conjurations   | 5 |  5.7
Hexes          | 1 |  1.4
Dodging        | |  2.0
Stealth        | |  2.6
Spellcasting   | |  2.8

Action                   |  1- 3 |  4- 6 || total
-------------------------+-------+-------++-------
Melee: Unarmed           |     5 |       ||     5
       Short sword       |    16 |    24 ||    40
       Constrict         |     6 |     5 ||    11
       Tentacles         |     2 |     3 ||     5
 Cast: Magic Dart        |    51 |    70 ||   121
  Use: Scroll            |     3 |     4 ||     7
       Potion            |       |     7 ||     7
 Stab: Sleeping          |     1 |     1 ||     2
       Distracted        |       |     1 ||     1
  Eat: Chunk             |     1 |     4 ||     5
       Ration            |     1 |       ||     1
Armor: Skin              |     3 |    34 ||    37
Dodge: Dodged            |    16 |    19 ||    35

Table legend:
 A = Non-vault XP
 B = Vault XP
 C = Vault XP percentage of total XP
 D = Non-vault monster count
 E = Vault monster count
 F = Vault count percentage of total count
                 A         B        C        D         E       F
            +---------+---------+-------+---------+---------+-------
      Total |     189 |      35 |  15.6 |      47 |      12 |  20.3
            +---------+---------+-------+---------+---------+-------
        D:1 |      42 |       0 |   0.0 |      23 |       0 |   0.0
        D:2 |      34 |      17 |  33.3 |       5 |       3 |  37.5
        D:3 |     113 |      18 |  13.7 |      19 |       9 |  32.1
            +---------+---------+-------+---------+---------+-------
